 Dungeon Crawl Stone Soup version 0.21.1-1-g345015f (webtiles) character file.

79 garbagetei the Digger (level 4, -5/25 HPs)
             Began as a Gargoyle Earth Elementalist on Feb 7, 2018.
             Killed by divine providence
             ... invoked by an orc priest
              (15 damage)
             ... on level 3 of the Dungeon.
             The game lasted 00:03:17 (1544 turns).

garbagetei the Digger (Gargoyle Earth Elementalist) Turns: 1544, Time: 00:03:18

Health: -5/25      AC:  8    Str: 12    XL:     4   Next: 37%
Magic:  8/8        EV: 12    Int: 16    God:
Gold:   71         SH:  0    Dex: 10    Spells: 2/8 levels left

rFire    . . .     SeeInvis .   i - +1 hand axe (freeze)
rCold    . . .     Gourm    .   (no shield)
rNeg     + . .     Faith    .   c - +0 robe
rPois    ∞         Spirit   .   p - +0 helmet
rElec    +         Reflect  .   (no cloak)
rCorr    .         Harm     .   m - +0 pair of gloves
MR       .....                  r - +0 pair of boots
Stlth    ++........             (no amulet)
HPRegen  0.08/turn              (no ring)
MPRegen  0.11/turn              (no ring)

@: no status effects
A: negative energy resistance 1, electricity resistance, unbreathing,
petrification resistance, rot immunity, AC +3
a: no special abilities


You were on level 3 of the Dungeon.
You were not hungry.

You visited 1 branch of the dungeon, and saw 3 of its levels.

You collected 71 gold pieces.

Inventory:

Hand Weapons
 h - a +0 dagger
 i - a +1 hand axe of freezing (weapon)
 l - a +0 mace of protection
Missiles
 b - 65 stones (quivered)
Armour
 c - a +0 robe (worn)
 m - a +0 pair of gloves (worn)
 p - a +0 helmet (worn)
 r - a +0 pair of boots (worn)
Scrolls
 a - 2 scrolls of immolation {unknown}
 j - 2 scrolls of identify {unknown}
 n - 2 scrolls of remove curse {unknown}
 s - a scroll of magic mapping {unknown}
Potions
 f - a potion of flight {unknown}
 g - 2 potions of heal wounds {unknown}
 k - a potion of magic {unknown}
 o - a potion of degeneration {unknown}
 q - a potion of curing {unknown}
Books
 e - a book of Geomancy

   Spells                             Type                      Level
   a - Sandblast                      Earth                        1
   b - Passwall                       Transmutation/Earth          2
   c - Stone Arrow                    Conjuration/Earth            3
   d - Petrify                        Transmutation/Earth          4
   e - Lee's Rapid Deconstruction     Earth                        5
Comestibles
 d - 5 rations


   Skills:
 + Level 1.3 Fighting
 + Level 1.5 Armour
 - Level 1.5 Dodging
 - Level 2.1 Stealth
 * Level 2.9 Spellcasting
 - Level 0.7 Transmutations
 * Level 4.5 Earth Magic


You had 2 spell levels left.
You knew the following spells:

 Your Spells              Type           Power        Failure   Level  Hunger
a - Sandblast             Erth           ###...       3%          1    #......
b - Passwall              Tmut/Erth      ##........   10%         2    ##.....
c - Stone Arrow           Conj/Erth      #.....       22%         3    ###....


Dungeon Overview and Level Annotations

Branches:
Dungeon (2/15)

Altars:
Ashenzari


Innate Abilities, Weirdness & Mutations

You are resistant to torment.
Your stone body is resilient. (AC +3)
You are immune to poison.
You resist negative energy. (rN+)
You are resistant to electric shocks. (rElec)
You can survive without breathing.
You are immune to petrification.
You are immune to rotting.


Message History

a club; a whip; a hobgoblin corpse An orc comes into view.
It is wielding a club.
Found a scroll labeled PEXKUA JAUGGAU and 3 gold pieces.
You see here a scroll labeled FIECIUP GIRI.
s - a scroll labeled FIECIUP GIRI An orc priest comes into view.
It is wielding a trident.
The orc barely misses you.
Found a runed leather armour.
You hit the orc. You freeze the orc.
The orc is moderately wounded.
The orc priest calls down the wrath of Beogh upon you.
Beogh smites you!
Ouch! That really hurt!
The orc hits you but does no damage.
You hit the orc. You freeze the orc.
You kill the orc!
The orc priest mumbles some strange prayers to Beogh against you.
Beogh smites you!
Ouch! That really hurt!
You die...

#.# ##.## ####
##.o.##..?#.#
####...........#
......<.......##
[............## # #
#)...........# ##
#..##@.........# #.
#$.?...........######.
#.####.#.............#
#......##.######.
###.#.##### #. #))..#
#. #.###.# #. ..## #.#
#. ##. .# #.


You could see an orc priest.

Vanquished Creatures
  Robin (D:3)
  3 adders (D:3)
  A leopard gecko (D:2)
  An orc (D:3)
  3 bats
  A giant cockroach (D:3)
  11 goblins
  7 hobgoblins
  2 frilled lizards (D:1)
  6 kobolds
  A rat (D:1)
37 creatures vanquished.

Vanquished Creatures (others)
  A goblin (D:3)
1 creature vanquished.

Grand Total: 38 creatures vanquished

Notes
Turn   | Place    | Note
-------+----------+-------------------------------------------
     0 | D:1      | garbagetei the Gargoyle Earth Elementalist began the quest for the Orb.
     0 | D:1      | Reached XP level 1. HP: 10/10 MP: 3/3
   135 | D:1      | Reached XP level 2. HP: 11/16 MP: 3/5
   280 | D:1      | Found a shattered altar of Ashenzari.
   556 | D:1      | Reached skill level 4 in Earth Magic
   784 | D:1      | Learned a level 2 spell: Passwall
  1002 | D:2      | Reached skill level 1 in Armour
  1009 | D:2      | You fall through a shaft!
  1027 | D:3      | Reached XP level 3. HP: 20/20 MP: 6/6
  1034 | D:3      | Learned a level 3 spell: Stone Arrow
  1143 | D:3      | Reached skill level 1 in Fighting
  1203 | D:3      | Reached XP level 4. HP: 18/25 MP: 8/8
  1294 | D:3      | Noticed Robin
  1300 | D:3      | Killed Robin
  1544 | D:3      | Killed from afar by an orc priest

Skill      XL: |  1  2  3 |
---------------+----------+-----
Earth Magic    | 4 |  4.5
Armour         | 1 |  1.5
Fighting       | 1 |  1.3
Dodging        | |  1.5
Stealth        | |  2.1
Spellcasting   | |  2.9
Transmutations | |  0.7

Action                   |  1- 3 |  4- 6 || total
-------------------------+-------+-------++-------
Melee: Dagger            |     4 |       ||     4
       Hand axe          |    46 |     5 ||    51
 Cast: Sandblast         |    15 |     7 ||    22
 Stab: Sleeping          |     1 |     1 ||     2
  Eat: Chunk             |     1 |     1 ||     2
Armor: Robe              |    19 |     1 ||    20
Dodge: Dodged            |    42 |     5 ||    47
